 Dungeon Crawl Stone Soup version 0.19.1 (webtiles) character file.

33 SQman the Grave Robber (level 3, -4/24 HPs)
             Began as a Vampire Necromancer on Dec 6, 2016.
             Slain by a gnoll
             ... wielding a +0 halberd
              (11 damage)
             ... on level 2 of the Dungeon.
             The game lasted 00:12:27 (1130 turns).

SQman the Grave Robber (Vampire Necromancer)        Turns: 1130, Time: 00:12:27

Health: -4/24      AC:  3    Str:  7    XL:     3   Next: 12%
Magic:  1/15       EV: 12    Int: 18    God:
Gold:   79         SH:  0    Dex: 14    Spells: 2 memorised, 5 levels left

rFire  . . .     SeeInvis +     i - +0 dagger
rCold  + . .     Gourm    .     a - +1 robe
rNeg   + + .     Faith    .     (no shield)
rPois  +         Spirit   .     (no helmet)
rElec  .         Reflect  .     (no cloak)
rCorr  .         Harm     .     (no gloves)
MR     +....                    (no boots)
Stlth  +++.......               (no amulet)
                                k - ring of protection from magic
                                g - ring of magical power

@: regenerating slowly
A: fangs 3, see invisible, unbreathing
a: Bat Form


You were on level 2 of the Dungeon.
You were thirsty.

You visited 1 branch of the dungeon, and saw 2 of its levels.

You collected 79 gold pieces.

Inventory:

Hand Weapons
 h - a +0 club
 i - a +0 dagger (weapon)
Missiles
 e - 88 stones (quivered)
 f - 8 tomahawks
Armour
 a - a +1 robe (worn)
 d - a +0 ring mail
Jewellery
 g - a ring of magical power (left hand)
 k - a ring of protection from magic (right hand)
 m - an uncursed ring of resist corrosion
Wands
 l - a wand of paralysis (10/24)
Scrolls
 j - a scroll of fear
Potions
 c - 2 potions of blood
Books
 b - a book of Necromancy

   Spells                             Type                      Level
   a - Pain                           Necromancy                   1
   b - Animate Skeleton               Necromancy                   1
   c - Vampiric Draining              Necromancy                   3
   d - Regeneration                   Charms/Necromancy            3
   e - Animate Dead                   Necromancy                   4
   f - Control Undead                 Necromancy                   4


   Skills:
 + Level 2.1 Dodging
 + Level 3.2 Stealth
 + Level 2.5 Spellcasting
 + Level 5.0 Necromancy


You had 5 spell levels left.
You knew the following spells:

 Your Spells              Type           Power        Failure   Level  Hunger
a - Pain                  Necr           ###.         1%          1    #......
b - Animate Skeleton      Necr           N/A          1%          1    #......


Dungeon Overview and Level Annotations

Branches:
Dungeon (2/15)

Altars:


Innate Abilities, Weirdness & Mutations

You heal slowly.
You have razor-sharp teeth.
You have supernaturally acute eyesight. (SInv)
You can survive without breathing.


Message History

Confirm with . or Enter, or press ? or * to list all spells.
Aiming: Pain
Press: ? - help, Shift-Dir - straight line, f/p - gnoll
Aim: a gnoll, wielding a halberd (moderately wounded, chance to defeat MR: 85%)
The gnoll writhes in agony!
The gnoll closely misses you.
Casting: Pain
Confirm with . or Enter, or press ? or * to list all spells.
Aiming: Pain
Press: ? - help, Shift-Dir - straight line, f/p - gnoll
Aim: a gnoll, wielding a halberd (severely wounded, chance to defeat MR: 85%)
The gnoll writhes in agony!
The gnoll barely misses you. The gnoll closely misses you.
Casting: Pain
Confirm with . or Enter, or press ? or * to list all spells.
Aiming: Pain
Press: ? - help, Shift-Dir - straight line, f/p - gnoll
Aim: a gnoll, wielding a halberd (severely wounded, chance to defeat MR: 85%)
The gnoll writhes in agony!
The gnoll hits you from afar with a halberd!
You die...

..........###.###.##..##.# *,*
###.......##.....%##.....###*,*
#.......##................*,*
**#.......##.#...####.##....,,*
.....#.#####...........#.##.***
.....#.###....#...........*,*
.....#...........####..#..#,*
....##*..#....#...........#,**
.....,,.......+.@####.#..#..,*
...,,**,#....,##)#.......*..,*
###*,**,#.###**#gg<.....,*,,,*
*,**,#,*****#g..#....,*,,,****
*,,,,*,#........#,,.#,*,,,*,,,
*********,#.###..#....,,,*,,,*,**
,,,* *,*,**...#......,*,,,*,**
**,* *,*,*....#....##**,,,*,**
,*,* ***,*,.....##..[..,,,***,**


You could see 3 gnolls.

Vanquished Creatures
  A gnoll (D:2)
  A worm (D:2)
  2 bats
  2 giant cockroaches
  A goblin (D:1)
  5 hobgoblins
  2 kobolds (D:1)
  4 rats
18 creatures vanquished.

Vanquished Creatures (collateral kills)
  A bat (D:1)
  A giant cockroach (D:1)
  A goblin (D:1)
3 creatures vanquished.

Grand Total: 21 creatures vanquished

Notes
Turn   | Place    | Note
-------+----------+-------------------------------------------
     0 | D:1      | SQman the Vampire Necromancer began the quest for the Orb.
     0 | D:1      | Reached XP level 1. HP: 13/13 MP: 3/3
    52 | D:1      | Learned a level 1 spell: Animate Skeleton
   418 | D:1      | Reached XP level 2. HP: 18/19 MP: 5/5
  1034 | D:2      | Reached skill level 5 in Necromancy
  1125 | D:2      | Reached XP level 3. HP: 12/24 MP: 4/6
  1130 | D:2      | Slain by a gnoll

Skill      XL: |  1  2 |
---------------+-------+-----
Necromancy     | 5 |  5.0
Dodging        | |  2.1
Stealth        | |  3.2
Spellcasting   | |  2.5

Action                   || total
-------------------------++-------
Melee: Unarmed           ||     4
       Bite              ||     1
       Dagger            ||     8
Throw: Stone             ||     4
 Cast: Pain              ||    36
       Animate Skeleton  ||     9
  Use: Scroll            ||     6
       Potion            ||     3
Armor: Robe              ||     5
Dodge: Dodged            ||    22
